 Dungeon Crawl Stone Soup version 0.18.1-48-g4cf74bf (webtiles) character file.

15790 nikopol the Spear-Bearer (level 12, -9/159 HPs)
             Began as a Minotaur Berserker on Aug 3, 2016.
             Was a High Priest of Trog.
             Mangled by a death knight
             ... wielding a +1 battleaxe
              (19 damage)
             ... on level 12 of the Dungeon.
             The game lasted 00:28:43 (10943 turns).

nikopol the Spear-Bearer (Minotaur Berserker)      Turns: 10943, Time: 00:28:44

Health: -9/159     AC: 15    Str: 28    XL:     12   Next: 4%
Magic:  11/11      EV: 18    Int:  4    God:    Trog [*****.]
Gold:   450        SH:  0    Dex: 14    Spells: 0 memorised, 11 levels left

rFire  . . .     SeeInvis .     a - +0 trident
rCold  . . .     Gourm    .     N - +0 chain mail
rNeg   . . .     Faith    .     (no shield)
rPois  .         Spirit   .     (helmet restricted)
rElec  .         Dismiss  .     J - +0 cloak
rCorr  .         Reflect  .     i - +0 pair of gloves
SustAt .         Harm     .     y - +0 pair of boots
MR     .....                    (no amulet)
Stlth  ..........               n - +4 ring of evasion
                                G - +6 ring of slaying

@: berserking, very quick, not resistant to hostile enchantments, extremely
unstealthy
A: retaliatory headbutt, horns 2
a: Berserk, Trog's Hand, Brothers in Arms, Burn Spellbooks, Renounce Religion


You were on level 12 of the Dungeon.
You worshipped Trog.
Trog was extremely pleased with you.
You were not hungry.

You visited 1 branch of the dungeon, and saw 12 of its levels.

You collected 610 gold pieces.
You spent 160 gold pieces at shops.

Inventory:

Hand Weapons
 a - a +0 trident (weapon)
 z - the +7 shortbow of Hospitality {velocity, Str+5 SInv Stlth+}
   (You bought it in a shop on level 10 of the Dungeon)

   Any arrow fired from it inflicts extra damage.
   It affects your strength (+5).
   It lets you see invisible.
   It makes you more stealthy.
Missiles
 o - 203 arrows (quivered)
Armour
 i - a +0 pair of gloves (worn)
 y - a +0 pair of boots (worn)
 J - a +0 cloak (worn)
 N - a +0 chain mail (worn)
 U - the +1 leather armour of Beogh's Favour {rElec Int+4}
   (You found it on level 8 of the Dungeon)

   It affects your intelligence (+4).
   It insulates you from electricity.
Jewellery
 n - a +4 ring of evasion (right hand)
 q - an uncursed ring of resist corrosion
 D - the ring of Curiosity {rCorr *Corrode rC+ MR+ Dex+2, unknown}
   (You found it on level 11 of the Dungeon)

   [ring of resist corrosion]

   It affects your dexterity (+2).
   It protects you from cold.
   It affects your resistance to hostile enchantments.
   It may corrode you when you take damage.
 G - a +6 ring of slaying (left hand)
 R - an uncursed ring of protection from cold {unknown}
Wands
 I - a wand of paralysis (15/24)
 L - a wand of paralysis (11/24)
 M - a wand of enslavement (12/24)
 S - a wand of disintegration (10/24)
Scrolls
 b - a scroll of random uselessness {unknown}
 e - 3 scrolls of teleportation {unknown}
 f - 6 scrolls of identify {unknown}
 g - 4 scrolls of fog {unknown}
 k - 4 scrolls of amnesia {unknown}
 l - 6 scrolls of remove curse
 r - 2 scrolls of noise {unknown}
 s - 3 scrolls of immolation {unknown}
 x - 3 scrolls of blinking {unknown}
 C - 4 scrolls of enchant weapon {unknown}
 K - a scroll of enchant armour {unknown}
Potions
 d - a potion of magic {unknown}
 j - 2 potions of heal wounds {unknown}
 m - 2 potions of haste {unknown}
 p - 4 potions of resistance
 t - 2 potions of ambrosia {unknown}
 u - 3 potions of agility {unknown}
 v - 2 potions of flight {unknown}
 A - 2 potions of lignification {unknown}
 E - 4 potions of might {unknown}
 F - 4 potions of curing {unknown}
 H - 2 potions of invisibility {unknown}
 P - a potion of mutation {unknown}
 Q - a potion of degeneration {unknown}
 T - 3 potions of brilliance {unknown}
Comestibles
 c - 6 bread rations
 h - 5 meat rations
 w - 2 fruits
 B - 4 beef jerkies
 O - 8 slices of pizza
 V - 7 chunks of flesh


   Skills:
 + Level 10.2 Fighting
 * Level 12.6 Polearms
 * Level 10.6 Bows
 + Level 9.5 Armour
 + Level 9.2 Dodging


You had 11 spell levels left.
You didn't know any spells.

Dungeon Overview and Level Annotations

Branches:
Dungeon (12/15)            Temple (0/1) D:7            Lair (0/8) D:9
    Orc: D:9-12

Altars:
Dithmenos
Elyvilon
Fedhas
Gozag
Makhleb
Nemelex Xobeh
Okawaru
Trog
Vehumet
Xom
Yredelemnul
Zin
The Shining One

Shops:
D:10 (


Innate Abilities, Weirdness & Mutations

You reflexively headbutt those who attack you in melee.
You have a pair of horns on your head.


Message History

* * * LOW HITPOINT WARNING * * *
A red film seems to cover your vision as you go berserk!
You feel yourself moving faster!
You feel mighty!
You feel somewhat more hungry.
The death knight hits you with an enchanted battleaxe.
* * * LOW HITPOINT WARNING * * *
The skeletal warrior hits you from afar with a glaive!
* * * LOW HITPOINT WARNING * * *
You barely miss the death knight.
The death knight is heavily wounded.
You hit the death knight.
The death knight is severely wounded.
Your damage is reflected back at you!
* * * LOW HITPOINT WARNING * * *
You impale the death knight!!
The death knight is almost dead.
Your damage is reflected back at you!
* * * LOW HITPOINT WARNING * * *
The death knight hits you with an enchanted battleaxe!!
You die...

#....# #....# #...#
#######....# #...#
.......)...# #...#
#......)...# #...#####
#........).# #........
##....)....# #.......#
#.......).# #.......#
#.........#####@(.....#
##...............pz....#
......)#####......(....#
.......# ########.....
.......# ..... .......#
!... .......# .(.
.......# ### ########


You could see a death knight and a skeletal warrior.

Vanquished Creatures
  An unseen horror (D:10)
  3 hill giants (D:10)
  A phantasmal warrior (D:12)
  An ugly thing (D:11)
  A spiny frog (D:9)
  2 centaur skeletons (D:11)
  A kobold demonologist (D:11)
  A freezing wraith (D:12)
  2 trolls
  2 two-headed ogres
  Prince Ribbit (D:6)
  Sigmund (D:6)
  A wyvern (D:11)
  A human (D:7)
  3 basilisks (D:9)
  21 yaks
  3 hippogriffs
  A hungry ghost (D:11)
  Menkaure (D:7)
  A mottled dragon (D:11)
  An orc warrior (D:10)
  4 porcupines (D:9)
  3 black bears
  5 ice beasts
  A sky beast (D:8)
  A phantom (D:11)
  2 wasps (D:9)
  A necrophage (D:11)
  5 ogres
  9 centaurs
  4 crocodiles (D:9)
  8 giant frogs
  5 scorpions
  7 killer bees
  A wight (D:6)
  2 howler monkeys
  2 crimson imps
  A centaur zombie (D:8)
  3 quasits
  2 hounds
  A gnoll shaman (D:10)
  2 iguanas
  12 orc wizards
  2 giant frog skeletons
  8 worker ants
  4 sheep (D:7)
  2 hound skeletons
  A mummy (D:4)
  Robin (D:3)
  3 gnolls (D:10)
  13 adders
  A river rat (D:9)
  A shadow imp (D:6)
  An ooze (D:1)
  2 adder skeletons (D:5)
  2 worms
  5 dart slugs
  7 giant geckos
  25 orcs
  4 bats
  7 giant cockroaches
  14 goblins
  5 hobgoblins
  6 jackals
  10 kobolds
  10 quokkas
  3 ball pythons
  2 giant newts
  2 hobgoblin zombies (D:4)
  A jackal skeleton (D:4)
  A kobold zombie (D:4)
  An orc zombie (D:4)
  4 rats
279 creatures vanquished.

Vanquished Creatures (collateral kills)
  4 yaks (D:9)
  A sky beast (D:9)
  A hound skeleton (D:9)
6 creatures vanquished.

Vanquished Creatures (others)
  2 bushes (D:9)
  A fungus (D:9)
  6 plants (D:9)
9 creatures vanquished.

Grand Total: 294 creatures vanquished

Notes
Turn   | Place    | Note
--------------------------------------------------------------
     0 | D:1      | nikopol the Minotaur Berserker began the quest for the Orb.
     0 | D:1      | Reached XP level 1. HP: 19/19 MP: 0/0
    75 | D:1      | Reached XP level 2. HP: 17/27 MP: 1/1
   398 | D:1      | Reached XP level 3. HP: 27/33 MP: 2/2
   490 | D:1      | Reached skill level 4 in Polearms
   713 | D:2      | Reached ** piety under Trog
   890 | D:2      | Reached XP level 4. HP: 29/40 MP: 3/3
  1362 | D:3      | Found a burning altar of Makhleb.
  1602 | D:3      | Noticed Robin
  1613 | D:3      | Reached XP level 5. HP: 47/47 MP: 4/4
  1620 | D:3      | Reached *** piety under Trog
  1631 | D:3      | Killed Robin
  1813 | D:3      | Found an opulent altar of Gozag.
  2135 | D:4      | Reached skill level 5 in Polearms
  2178 | D:4      | Reached XP level 6. HP: 39/55 MP: 5/5
  2187 | D:4      | Reached skill level 5 in Fighting
  2704 | D:4      | Found a glowing golden altar of the Shining One.
  2824 | D:4      | Found a basalt altar of Yredelemnul.
  2830 | D:4      | Noticed an angel
  2845 | D:5      | Entered Level 5 of the Dungeon
  2904 | D:5      | Reached XP level 7. HP: 49/61 MP: 6/6
  2992 | D:5      | Found a radiant altar of Vehumet.
  2992 | D:5      | Found a sparkling altar of Nemelex Xobeh.
  3012 | D:5      | Reached skill level 1 in Bows
  3012 | D:5      | Reached skill level 5 in Armour
  3387 | D:5      | Found a shimmering altar of Xom.
  3390 | D:5      | Noticed an angel
  3392 | D:5      | Found a glowing silver altar of Zin.
  3614 | D:6      | Reached skill level 6 in Polearms
  3696 | D:6      | Reached skill level 5 in Dodging
  3705 | D:6      | Noticed Prince Ribbit
  3711 | D:6      | Killed Prince Ribbit
  3785 | D:6      | Found a shadowy altar of Dithmenos.
  3786 | D:6      | Reached **** piety under Trog
  3997 | D:6      | Reached XP level 8. HP: 66/70 MP: 7/7
  4267 | D:6      | Found an iron altar of Okawaru.
  4306 | D:6      | Noticed Sigmund
  4316 | D:6      | Killed Sigmund
  4316 | D:6      | Reached skill level 7 in Polearms
  4379 | D:6      | Found a blossoming altar of Fedhas.
  4919 | D:7      | Found a staircase to the Ecumenical Temple.
  4972 | D:7      | Noticed Menkaure
  4983 | D:7      | Killed Menkaure
  5344 | D:7      | Reached skill level 8 in Polearms
  5563 | D:7      | Reached skill level 5 in Bows
  5563 | D:7      | Reached XP level 9. HP: 43/78 MP: 8/8
  5637 | D:7      | Received a gift from Trog
  6975 | D:8      | Reached skill level 9 in Polearms
  7095 | D:8      | Reached ***** piety under Trog
  7157 | D:8      | Found a bloodstained altar of Trog.
  7186 | D:8      | Got a transparent leather armour
  7405 | D:9      | Noticed a spiny frog
  7423 | D:9      | Killed a spiny frog
  7432 | D:9      | HP: 4/80 [poisoned by a spiny frog]
  7437 | D:9      | HP: 2/80 [poisoned by a spiny frog]
  7788 | D:9      | Identified the +1 leather armour of Beogh's Favour {rElec Int+4} (You found it on level 8 of the Dungeon)
  7852 | D:9      | Reached XP level 10. HP: 88/88 MP: 9/9
  7866 | D:9      | Reached skill level 10 in Polearms
  8142 | D:9      | Found a staircase to the Lair.
  8228 | D:9      | HP: 4/90 [yak (5)]
  8850 | D:9      | Received a gift from Trog
  8850 | D:9      | Reached skill level 11 in Polearms
  8931 | D:9      | Found a white marble altar of Elyvilon.
  9046 | D:9      | Found a glowing golden altar of the Shining One.
  9175 | D:10     | Entered Level 10 of the Dungeon
  9216 | D:10     | Reached XP level 11. HP: 75/97 MP: 10/10
  9261 | D:10     | Got an iridescent flail
  9262 | D:10     | Identified the +9 flail of Foukkat Avupn {crush, rN+} (You found it on level 10 of the Dungeon)
  9410 | D:10     | Found Daj Xevi's Antique Weapon Shoppe.
  9431 | D:10     | Bought an ichor-stained shortbow for 160 gold pieces
  9431 | D:10     | Identified the +7 shortbow of Hospitality {velocity, Str+5 SInv Stlth+} (You bought it in a shop on level 10 of the Dungeon)
  9493 | D:10     | Noticed an unseen horror
  9497 | D:10     | Killed an unseen horror
  9631 | D:10     | Noticed a hill giant
  9637 | D:10     | Killed a hill giant
  9779 | D:10     | Noticed a hill giant
  9784 | D:10     | Killed a hill giant
  9859 | D:10     | Noticed a hill giant
  9865 | D:10     | Killed a hill giant
  9865 | D:10     | Reached skill level 12 in Polearms
 10121 | D:11     | Noticed a white ugly thing
 10136 | D:11     | Killed a white ugly thing
 10137 | D:11     | Reached skill level 10 in Bows
 10349 | D:11     | Reached skill level 10 in Fighting
 10353 | D:11     | Received a gift from Trog
 10393 | D:11     | Found a blossoming altar of Fedhas.
 10425 | D:11     | Got a crude bronze ring
 10924 | D:12     | Noticed a phantasmal warrior
 10925 | D:12     | Noticed a skeletal warrior
 10928 | D:12     | Noticed a death knight
 10932 | D:12     | Killed a phantasmal warrior
 10932 | D:12     | Reached XP level 12. HP: 92/106 MP: 11/11
 10943 | D:12     | Mangled by a death knight

Skill      XL: |  1  2  3  4  5  6  7  8  9 10 11 |
---------------+----------------------------------+-----
Polearms       | 4 5 6 8 9 11 12 | 12.6
Dodging        | 3 4 5 6 7 8 9 |  9.2
Armour         | 3 4 5 6 7 8 9 |  9.5
Fighting       | 4 5 6 7 9 10 | 10.2
Bows           | 2 5 7 8 10 | 10.6

Action                   |  1- 3 |  4- 6 |  7- 9 | 10-12 || total
-------------------------+-------+-------+-------+-------++-------
Melee: Spear             |    84 |   192 |   306 |   165 ||   747
       Headbutt          |    10 |    26 |    51 |    58 ||   145
       Trident           |       |       |       |     9 ||     9
 Fire: Shortbow          |       |     3 |   133 |   291 ||   427
Invok: Berserk           |       |     1 |     8 |     3 ||    12
       Burn Spellbooks   |       |       |     2 |       ||     2
       Trog's Hand       |       |       |     2 |       ||     2
       Brothers in Arms  |       |       |       |     1 ||     1
  Use: Scroll            |       |       |     1 |       ||     1
 Stab: Sleeping          |     2 |       |       |       ||     2
  Eat: Chunk             |       |     8 |    18 |    13 ||    39
       Beef jerky        |       |       |     2 |       ||     2
       Pizza             |       |       |     1 |       ||     1
Armor: Animal skin       |     6 |       |       |       ||     6
       Scale mail        |     9 |    55 |    49 |       ||   113
       Chain mail        |       |       |    43 |    65 ||   108
Dodge: Dodged            |    28 |    68 |   126 |   112 ||   334
